Map: Acid Plant LE

Players

Stats

  • Race: Protoss Protoss
  • League: Master
  • Spawn Location: 11:00

Scarlett - Winner!

  • Race: Zerg Zerg
  • League: Master
  • Spawn Location: 5:00

Event: Memes & Dreams Invitational

VOD

Have the link to the VOD?

Description

Time

  • Played on: April 13, 2018, 3:18 a.m.
  • Length: 6:30

All games in this series

Show
View Real Time Build Order
Export as new Build Order

Stats Protoss 

Build Orders: 1 Gate Expand, Oracle Opening, Phoenix Opening 

Get SALT Encoding   

  12  0:00  Probe  
  13  0:12  Probe  
  14  0:20  Pylon  
  14  0:25  Probe (Chrono Boost)  
  15  0:39  Probe (Chrono Boost)  
  16  0:43  Gateway  
  16  0:44  Probe (Chrono Boost)  
  16  0:47  Assimilator  
  17  0:55  Probe  
  18  1:07  Probe  
  19  1:19  Probe  
  20  1:27  Nexus  
  20  1:34  Cybernetics Core  
  20  1:37  Probe  
  21  1:43  Assimilator  
  21  1:49  Probe  
  21  1:53  Pylon  
  22  2:01  Probe  
  23  2:10  Adept (Chrono Boost)  
  23  2:14  Probe  
  26  2:20  Stargate  
  26  2:26  Probe  
  26  2:29  Warp Gate  
  27  2:33  Adept  
  29  2:39  Probe (Chrono Boost)  
  29  2:40  Probe (Chrono Boost)  
  31  2:48  Probe x2 (Chrono Boost)  
  33  2:53  Probe (Chrono Boost)  
  33  2:54  Probe  
  35  3:03  Phoenix (Chrono Boost)  
  35  3:05  Probe  
  38  3:06  Probe  
  38  3:12  Pylon  
  39  3:17  Probe  
  39  3:18  Probe  
  41  3:20  Oracle (Chrono Boost)  
  41  3:22  Assimilator  
  41  3:26  Assimilator  
  44  3:29  Probe  
  44  3:30  Probe  
  46  3:38  Robotics Facility  
  46  3:41  Probe  
  46  3:42  Probe  
  48  3:53  Probe  
  48  3:54  Pylon, Probe  
  50  3:56  Twilight Council  
  50  4:06  Probe x2  
  52  4:12  Gateway  
  52  4:14  Gateway  
  52  4:15  Gateway  
  52  4:18  Probe  
  52  4:22  Probe  
  52  4:23  Warp Prism (Chrono Boost)  
  54  4:31  Charge (Chrono Boost)  
  56  4:35  Templar Archives  
  56  4:38  Gateway  
  56  4:44  Gateway  
  56  4:51  Zealot  
  58  4:58  Pylon  
  56  5:07  Probe x2  
  56  5:10  Zealot  
  56  5:11  Zealot  
  61  5:15  Pylon  
  61  5:34  Zealot  
  61  5:35  Zealot  
  59  5:36  Zealot x3  
  65  5:43  Zealot  
  67  5:52  Pylon  
  67  5:54  Pylon, Gateway  
  67  5:55  Pylon  
  67  5:56  Gateway  
  67  5:57  High Templar x2  
  67  6:02  High Templar  
  67  6:04  Zealot x2  
  71  6:06  Zealot  
  63  6:14  Pylon  
  51  6:25  Zealot x2  
  51  6:26  Zealot  
Show
View Real Time Build Order
Export as new Build Order

Scarlett Zerg - Winner!

Build Orders: Hatch First 

Get SALT Encoding   

  12  0:00  Drone  
  13  0:12  Overlord  
  13  0:16  Drone  
  14  0:30  Drone x2  
  14  0:34  Drone  
  17  0:50  Hatchery  
  17  0:53  Drone  
  17  0:57  Drone  
  17  1:02  Extractor  
  17  1:13  Spawning Pool  
  17  1:16  Drone  
  17  1:18  Drone  
  18  1:29  Drone  
  19  1:39  Drone  
  20  1:50  Overlord  
  20  2:00  Queen  
  22  2:02  Queen  
  22  2:03  Zergling x2  
  22  2:05  Metabolic Boost  
  26  2:08  Drone  
  26  2:14  Drone  
  28  2:15  Drone  
  28  2:22  Drone  
  29  2:28  Drone  
  30  2:36  Drone x2  
  32  2:43  Drone  
  32  2:44  Hatchery  
  32  2:50  Overlord  
  32  2:53  Drone  
  32  2:56  Zergling x2  
  34  2:58  Queen  
  36  3:08  Drone  
  36  3:09  Drone x4  
  41  3:14  Evolution Chamber  
  41  3:17  Overlord  
  40  3:21  Drone  
  40  3:26  Spore Crawler  
  40  3:27  Overlord  
  40  3:34  Overlord  
  40  3:37  Queen  
  40  3:39  Drone x2  
  44  3:42  Zerg Melee Weapons Level 1  
  44  3:45  Drone  
  44  3:46  Drone  
  46  3:49  Zergling x4  
  48  3:56  Drone  
  48  3:57  Drone x3  
  48  4:01  Queen  
  54  4:10  Spore Crawler, Overlord x2  
  54  4:14  Extractor, Zergling x2  
  53  4:19  Drone  
  53  4:20  Drone x3  
  57  4:30  Drone  
  57  4:31  Drone x5  
  63  4:37  Zergling x2  
  64  4:39  Lair  
  64  4:42  Baneling Nest  
  63  4:50  Zergling x4  
  63  4:51  Zergling x12  
  71  4:54  Queen  
  71  4:59  Overlord  
  72  5:10  Zergling x8  
  72  5:11  Queen  
  77  5:15  Zergling x4  
  77  5:19  Zergling x8  
  83  5:25  Zergling x2  
  83  5:26  Zergling x6  
  85  5:32  Queen, Zergling x4  
  87  5:36  Nydus Network  
  86  5:43  Zergling x6  
  86  5:46  Roach Warren  
  86  5:47  Queen  
  90  5:56  Overlord x2  
  90  5:57  Extractor, Spine Crawler  
  77  6:12  Drone x10  
Tags
 
Add a new tag
Caveats
  • Supply blocks, unpowered buildings, or Contaminate may cause inaccurate times.
  • Supply counts are checked every 10 seconds.